[Event "Late-Titled-Tuesday-Blitz-January-30-2024"]
[Site "Chess.com"]
[Date "2024.01.30"]
[Round "3"]
[White "Filipets"]
[Black "JSPrepz"]
[Result "0-1"]
[WhiteElo "2594"]
[BlackElo "2860"]
[TimeControl "180+1"]
[EndTime "14:28:16 PST"]
[Termination "JSPrepz won on time"]

1. c4 e5 2. Nc3 Nc6 3. g3 Bc5 4. Bg2 d6 5. d3 a6 6. Nf3 Ba7 7.
Bd2 Nge7 8. Rb1 O-O 9. b4 Ng6 10. a4 a5 11. b5 Nce7 12. Nd5 Nxd5 13. cxd5 Bb6 14. h4 h6 15. h5 Ne7 16. Nh4 Nf5 17. e3 Nxh4 18. Rxh4 f5 19. Kf1 Bd7 20. Rc1 Qf6 21.
Bc3 Rf7 22. f4 Bxe3 23. Rc2 Bb6 24. Re2 Re8 25. Bf3 Rfe7 26. Qa1 Bd4 27. Bxd4 exd4 28. Rhh2 Re3 29. Rxe3 Rxe3 30. Qd1 Qe7 31. Rc2 Be8 32. Kf2 Bf7 33. Rc4 Qd8 34. Rxd4 Re8 35. Rc4 b6 36. Qd2 Re7 37. d4 Kh8 0-1

[Event "Late-Titled-Tuesday-Blitz-January-30-2024"]
[Site "Chess.com"]
[Date "2024.01.30"]
[Round "3"]
[White "sjoerd893"]
[Black "Ali_rastbod"]
[Result "0-1"]
[WhiteElo "2505"]
[BlackElo "2686"]
[TimeControl "180+1"]
[EndTime "14:28:18 PST"]
[Termination "Ali_rastbod won on time"]

1. e4 d6 2. d4 Nf6 3. Nc3 g6 4. f3 Bg7 5. Be3 c6 6. Qd2 Qa5 7. O-O-O Nbd7 8. Kb1 b5 9. g4 Nb6 10. Bd3 Be6 11. d5 cxd5 12. Nxd5 Qxd2 13. Nxf6+ Bxf6 14. Bxb5+ Bd7 15. Bxd7+ Kxd7 16. Bxd2 Nc4 17. Bc1 Na3+ 18. Ka1 Nxc2+ 19. Kb1 Rhc8 20. Ne2 Rab8 21. b3 a5 22. Bb2 Bxb2 23. Kxb2 a4 24. Rc1 a3+ 25. Kb1 Nb4 26. Nf4 g5 27. Nd5 Nxd5 28. exd5 Rxc1+ 29. Rxc1 Rb5 30. Rd1 Rb4 31. Kc2 Rf4 32.
Rd3 h5 33. h3 Kc7 34. Kc3 Kb6 35. Re3 Kc5 36. gxh5 Kxd5 37. Rxe7 Rxf3+ 38. Kb4 f5 39. Rg7 Rxh3 40. Rxg5 Ke4 41. Kxa3 f4 42. Ka4 f3 43. Rg8 f2 0-1

[Event "Late-Titled-Tuesday-Blitz-January-30-2024"]
[Site "Chess.com"]
[Date "2024.01.30"]
[Round "3"]
[White "TheMagician"]
[Black "Gentlejimmy7"]
[Result "1/2-1/2"]
[WhiteElo "2210"]
[BlackElo "2541"]
[TimeControl "180+1"]
[EndTime "14:28:19 PST"]
[Termination "Game drawn by stalemate"]

1. d4 f5 2. g3 Nf6 3. Bg2 g6 4. c4 Bg7 5. Nf3 O-O 6. O-O d6 7. Nc3 c6 8. d5 Na6 9. Nd4 cxd5 10. cxd5 Nc7 11. Re1 Kh8 12. a4 e5 13. dxe6 Nxe6 14. Nxe6 Bxe6 15. Bxb7 Rb8 16. Bg2 d5 17. Be3 Ne4 18.
Nxe4 dxe4 19. Bxa7 Rxb2 20. Qxd8 Rxd8 21. a5 Ra8 22.
Bb6 Rxe2 23. Rxe2 Bxa1 24. f3 Bc4 25. Re1 Bf6 26. fxe4 fxe4 27. Bxe4 Re8 28. Bf2 Bc3 29. Rc1 Rxe4 30. Rxc3 Kg8 31. Bb6 Kf7 32. Kf2 Ba6 33. Rc7+ Re7 34. Rxe7+ Kxe7 35. h3 Ke6 36. Ke3 Kd5 37.
Kf4 h5 38. Kg5 Bd3 39. a6 Kc6 40. a7 Kb7 41. Bd4 Bc2 42. h4 Ka8 43. g4 hxg4 44. Kxg4 Kb7 45. Kg5 Ka8 46. Bg1 Kb7 47. h5 gxh5 48.
Kxh5 Bg6+ 49. Kxg6 Ka8 50. Kf5 Kb7 51. Ke5 Ka8 52.
Kd6 Kb7 53. Kc5 Ka8 54. Kb5 Kb7 55. Ka5 Ka8 56. Kb6 1/2-1/2

[Event "Late-Titled-Tuesday-Blitz-January-30-2024"]
[Site "Chess.com"]
[Date "2024.01.30"]
[Round "3"]
[White "norwaytoadog"]
[Black "stasOR4ik"]
[Result "0-1"]
[WhiteElo "2242"]
[BlackElo "2420"]
[TimeControl "180+1"]
[EndTime "14:28:20 PST"]
[Termination "stasOR4ik won by resignation"]

1. e4 c6 2. d4 d5 3. e5 c5 4. c3 Nc6 5. Be2 cxd4 6. cxd4 Qb6 7. Nc3 e6 8. Nf3 Nge7 9. O-O Nf5 10. Na4 Qc7 11.
g4 Nh6 12. h3 Bd7 13. Bg5 a6 14. Rc1 b5 15. Nc5 Qb6 16. Qd2 Rc8 17. Bxh6 gxh6 18.
Nxd7 Kxd7 19. Qf4 Ke8 20. Bd3 Rc7 21. Rc2 h5 22. Qf6 Rg8 23. Bxh7 Be7 24. Qf4 Rg7 25. Bd3 hxg4 26. hxg4 Nb4 27. Rxc7 Qxc7 28. Bb1 Qc4 29. Rc1 Qe2 30. Re1 Qxb2 31. Kf1 Kd7 32. Rc1 Rxg4 33.
Qxg4 Qxc1+ 34. Kg2 Qxb1 35. Qg8 Qg6+ 36. Qxg6 fxg6 0-1

[Event "Late-Titled-Tuesday-Blitz-January-30-2024"]
[Site "Chess.com"]
[Date "2024.01.30"]
[Round "3"]
[White "Perecke"]
[Black "jup1978"]
[Result "1-0"]
[WhiteElo "2603"]
[BlackElo "2432"]
[TimeControl "180+1"]
[EndTime "14:28:22 PST"]
[Termination "Perecke won by checkmate"]

1. e4 c6 2. d4 d5 3. Nc3 dxe4 4. Nxe4 Nf6 5. Nxf6+ exf6 6. c3 Bd6 7. Bd3 O-O 8. Ne2 Re8 9. O-O Qc7 10. Ng3 Na6 11. f4 c5 12. f5 cxd4 13. cxd4 Bd7 14. Qg4 Kh8 15. Qh4 Nb4 16. Bb1 Nc2 17. Bxc2 Qxc2 18.
Nh5 Qe4 19. Qh3 Qxd4+ 20. Kh1 Bc6 21. Bf4 Bxf4 22. Nxf4 Qxb2 23. Qg4 Re4 24. Rad1 Rae8 25.
h3 h6 26. Rd3 Re1 27. Rxe1 Rxe1+ 28. Kh2 Qe5 29. Rd8+ Kh7 30. Qg6+ fxg6 31. fxg6# 1-0

[Event "Late-Titled-Tuesday-Blitz-January-30-2024"]
[Site "Chess.com"]
[Date "2024.01.30"]
[Round "3"]
[White "sari07"]
[Black "gomeschess02"]
[Result "1-0"]
[WhiteElo "2406"]
[BlackElo "2189"]
[TimeControl "180+1"]
[EndTime "14:28:22 PST"]
[Termination "sari07 won on time"]

1. d4 Nf6 2. Bf4 g6 3. Nc3 d5 4. e3 Bg7 5. Be2 O-O 6. h4 c5 7. h5 cxd4 8. exd4 Nc6 9. h6 Bh8 10. Nf3 Ne4 11. O-O Bg4 12. Be3 Rc8 13. Nxe4 dxe4 14. Ng5 Bxe2 15. Qxe2 Nxd4 16. Bxd4 Qxd4 17. c3 Qe5 18. Nxe4 Rfd8 19. Rad1 Rd5 20. Rxd5 Qxd5 21.
Rd1 Qxa2 22. Ng5 Bf6 23. Qd2 Qa5 24. Ne4 Be5 25. Qd7 Qc7 26. Qxc7 Bxc7 27. Rd7 Bd6 28. Nxd6 exd6 29. Rxb7 a5 30. Ra7 Rc5 31. Ra8+ 1-0

[Event "Late-Titled-Tuesday-Blitz-January-30-2024"]
[Site "Chess.com"]
[Date "2024.01.30"]
[Round "3"]
[White "Noki102"]
[Black "Kostukov_Alex"]
[Result "1-0"]
[WhiteElo "2519"]
[BlackElo "2294"]
[TimeControl "180+1"]
[EndTime "14:28:24 PST"]
[Termination "Noki102 won on time"]

1. d4 g6 2. e4 c5 3. Nc3 cxd4 4. Qxd4 Nf6 5. Be3 Nc6 6. Qd2 Bg7 7. f3 O-O 8. h4 h5 9. a3 d6 10. Bc4 Qa5 11.
O-O-O Ne5 12. Ba2 Be6 13. Nd5 Qxd2+ 14. Rxd2 Nxd5 15. exd5 Bf5 16. Ne2 Rfc8 17. Nd4 Bd7 18. c3 a6 19. Re1 Bf6 20. Bg5 Nc4 21. Bxc4 Rxc4 22. Bxf6 exf6 23. Re7 Rd8 24. g3 Kf8 25. Re3 Rdc8 26. Kd1 R4c5 27. Ne2 Ba4+ 28. Ke1 Bb3 29. Nf4 Re8 30. Kf2 Rxe3 31. Kxe3 a5 32. Rd4 b5 33.
Ke4 Ke7 34. g4 Bc2+ 35. Ke3 hxg4 36. fxg4 1-0

[Event "Late-Titled-Tuesday-Blitz-January-30-2024"]
[Site "Chess.com"]
[Date "2024.01.30"]
[Round "3"]
[White "Hikaru"]
[Black "Vladimir_Zakhartsov"]
[Result "1-0"]
[WhiteElo "3291"]
[BlackElo "2847"]
[TimeControl "180+1"]
[EndTime "14:28:25 PST"]
[Termination "Hikaru won by resignation"]

1. b3 d5 2. Bb2 Bg4 3. f3 Bh5 4.
Nh3 e6 5. Nf4 Bg6 6. h4 Bd6 7. e3 Nf6 8. g4 e5 9. Nxg6 hxg6 10. Qe2 c6 11. Nc3 Nbd7 12. O-O-O Qe7 13. Kb1 O-O-O 14. g5 Nh5 15. Qg2 Kb8 16. Be2 Ba3 17. Ba1 Nc5 18. Rhf1 d4 19. Ne4 a5 20. Qg1 d3 21. cxd3 a4 22. Nxc5 Qxc5 23. Qg4 axb3 24. axb3 Qb5 25. Qc4 Qxc4 26. bxc4 Rhe8 27. Rg1 Bc5 28. Kc2 Kc7 29. Bc3 Rd7 30. Ra1 Rdd8 31.
Rg2 Rd7 32. Bd1 Bb6 33. Rg4 Bc5 34. Rg1 Bb6 35. Rf1 Ng3 36. Rg1 Nf5 37. Rg4 Bc5 38.
Re4 Rde7 39. f4 Bd6 40. c5 Bxc5 41. fxe5 Ng3 42. Rc4 Bb6 43. d4 Nf5 44. d5 Rd7 45. d6+ Kb8 46. Bg4 Ba7 47. h5 Re6 1-0

[Event "Late-Titled-Tuesday-Blitz-January-30-2024"]
[Site "Chess.com"]
[Date "2024.01.30"]
[Round "3"]
[White "gabduschew"]
[Black "karinachess1"]
[Result "0-1"]
[WhiteElo "2462"]
[BlackElo "2621"]
[TimeControl "180+1"]
[EndTime "14:28:26 PST"]
[Termination "karinachess1 won on time"]

1. b3 e5 2. Bb2 Nc6 3. e3 g6 4.
Bb5 Bg7 5. Ne2 Nge7 6. O-O O-O 7. f4 d5 8. Bxc6 Nxc6 9. fxe5 Nxe5 10. Nbc3 c6 11.
Qe1 Bf5 12. Nd4 Bd7 13. Ba3 Re8 14. Qf2 f5 15. Qg3 Ng4 16. h3 Be5 17. Qf3 Nh2 18. Qf2 Nxf1 19. Rxf1 Qf6 20. Nde2 Rad8 21. Qf3 Be6 22. Bc5 b6 23. Ba3 c5 24. Nd1 d4 25.
exd4 cxd4 26. Nf2 Bd5 27. Qd3 Qc6 28. g3 Bg2 29. Rc1 Be4 30. Qa6 Bf3 31. Nf4 g5 32. N4d3 Bxg3 33. Bb2 Re2 34. Qxa7 Bh1 0-1

[Event "Late-Titled-Tuesday-Blitz-January-30-2024"]
[Site "Chess.com"]
[Date "2024.01.30"]
[Round "3"]
[White "jk13"]
[Black "klimkoj"]
[Result "0-1"]
[WhiteElo "2703"]
[BlackElo "2921"]
[TimeControl "180+1"]
[EndTime "14:28:27 PST"]
[Termination "klimkoj won by checkmate"]

1. e4 c5 2. c3 d5 3. exd5 Qxd5 4. d4 Nf6 5. Nf3 e6 6. Na3 Nc6 7. Be3 cxd4 8. Nb5 Qd7 9. Nbxd4 Be7 10. Bb5 Qc7 11.
O-O O-O 12. Re1 Nd5 13. Bc1 a6 14. Bd3 Nxd4 15. Nxd4 Bd6 16. Qh5 g6 17. Qh4 Nf4 18.
Bf1 b6 19. Nf3 Bb7 20. Ng5 h5 21. Ne4 Bxe4 22. Rxe4 e5 23. Bxf4 exf4 24. Rae1 b5 25. Qf6 Qd8 26. Qd4 Bc7 27. Qb4 Qd6 28. Qb3 Rad8 29.
a4 bxa4 30. Qxa4 a5 31. Re7 f3 32. g3 Bb6 33. Qe4 Qf6 34. h4 Rd2 35. Re3 Bxe3 36.
Qxe3 Rxb2 37. Bc4 Qf5 38. Kh2 Rb1 39. Bd3 Qh3+ 40. Kxh3 Rh1# 0-1

[Event "Late-Titled-Tuesday-Blitz-January-30-2024"]
[Site "Chess.com"]
[Date "2024.01.30"]
[Round "3"]
[White "Elsa167"]
[Black "marcodobrikov"]
[Result "1-0"]
[WhiteElo "2870"]
[BlackElo "2613"]
[TimeControl "180+1"]
[EndTime "14:28:28 PST"]
[Termination "Elsa167 won by checkmate"]

1. d4 g6 2. c4 Bg7 3. e4 d6 4. Nc3 Nc6 5. Nge2 e5 6. d5 Nd4 7.
Be3 Nxe2 8. Bxe2 Ne7 9. c5 O-O 10. O-O f5 11. f3 f4 12. Bf2 g5 13. Rc1 Ng6 14. cxd6 cxd6 15. Nb5 a6 16. Nc7 Rb8 17. Ba7 Bd7 18. Bxb8 Qxb8 19. Ne6 Re8 20. Kh1 Bf6 21. Qc2 Rc8 22. Qd2 Re8 23. Qb4 h5 24. Nc7 Rd8 25.
Qxd6 Kg7 26. Ne6+ Kh6 27. Qxb8 Rxb8 28. Rc7 Bxe6 29. dxe6 Ne7 30. Rd1 b5 31. Rdd7 Re8 32.
Kg1 g4 33. fxg4 hxg4 34. Bxg4 Kg5 35. h3 Kh4 36. Kf2 b4 37. Kf3 a5 38. b3 Kg5 39.
g3 fxg3 40. Kxg3 Ng6 41. Rf7 Rd8 42. h4+ Nxh4 43. Rxf6 Kxf6 44. Kxh4 a4 45. bxa4 b3 46. axb3 Rd3 47. Rf7+ Kg6 48. Bf5+ Kh6 49. Rh7# 1-0

[Event "Late-Titled-Tuesday-Blitz-January-30-2024"]
[Site "Chess.com"]
[Date "2024.01.30"]
[Round "3"]
[White "M1711"]
[Black "LastHeroJr"]
[Result "1-0"]
[WhiteElo "2674"]
[BlackElo "2497"]
[TimeControl "180+1"]
[EndTime "14:28:28 PST"]
[Termination "M1711 won on time"]

1. e4 e5 2. Nf3 Nc6 3. Nc3 Nf6 4. d4 exd4 5. Nxd4 Bb4 6. Nxc6 bxc6 7. Bd3 d5 8. exd5 cxd5 9. O-O O-O 10. h3 c6 11.
Qf3 Bd6 12. Re1 h6 13. Na4 Rb8 14. Bf4 Rb4 15. Bxd6 Qxd6 16. b3 Bd7 17. Qe3 d4 18. Qe5 Qxe5 19. Rxe5 Nd5 20. Bc4 Re8 21. Rxe8+ Bxe8 22. Rd1 Nc3 23. Nxc3 dxc3 24. Rd3 Kf8 25. Rxc3 Rb7 26.
Bd3 Re7 27. Kf1 g6 28. Rc4 f5 29. Rc5 Kg7 30. Be2 Kf6 31. Bf3 Rc7 32. Ke2 Ke6 33.
Kd3 Kd6 34. Ra5 Re7 35. Kd4 Rb7 36. Ra6 Re7 37. b4 Rb7 38. c3 Kc7 39. a4 Bd7 40. Kc5 g5 41. Bxc6 Rb6 42. Rxa7+ 1-0

[Event "Late-Titled-Tuesday-Blitz-January-30-2024"]
[Site "Chess.com"]
[Date "2024.01.30"]
[Round "3"]
[White "lachesisQ"]
[Black "Rikikits"]
[Result "1/2-1/2"]
[WhiteElo "3106"]
[BlackElo "2831"]
[TimeControl "180+1"]
[EndTime "14:28:29 PST"]
[Termination "Game drawn - insufficient material"]

1. e4 c6 2. d4 d5 3. Nc3 dxe4 4.
Nxe4 Nf6 5. Nxf6+ exf6 6. Be3 Nd7 7. Bd3 f5 8. Ne2 Nf6 9. c3 Bd6 10. Qc2 g6 11. h3 O-O 12. Bg5 Be7 13. O-O-O Nd5 14.
Bxe7 Qxe7 15. Kb1 Be6 16. Rhe1 Qh4 17. Nc1 a5 18. Bf1 a4 19. a3 b5 20. Nd3 Nb6 21. Nc5 Bd5 22. Qd2 Rfe8 23. Rxe8+ Rxe8 24. Re1 Re7 25. g3 Qf6 26. Rxe7 Qxe7 27. Qe2 Kf8 28. Qxe7+ Kxe7 29. Kc2 Bc4 30. Bg2 Kd6 31. h4 Bd5 32. Bxd5 Kxd5 33. b3 axb3+ 34. Kxb3 Nc4 35. Kb4 Nd2 36. Nd3 f6 37. Nf4+ Kd6 38. d5 Ne4 39. dxc6 Kxc6 40.
Nd3 g5 41. c4 bxc4 42. Kxc4 f4 43. hxg5 fxg3 44. fxg3 fxg5 45. g4 Nf6 46. Ne5+ Kb6 47. Kb4 h5 48. gxh5 Nxh5 49. a4 Nf4 50. a5+ Ka6 51. Ng4 Nd5+ 52. Kc5 Kxa5 53. Kxd5 Kb5 54. Ke5 Kb6 55. Kf5 Kb5 56. Kxg5 1/2-1/2

[Event "Late-Titled-Tuesday-Blitz-January-30-2024"]
[Site "Chess.com"]
[Date "2024.01.30"]
[Round "3"]
[White "Siniauski"]
[Black "Fernando_Offermann"]
[Result "1-0"]
[WhiteElo "2617"]
[BlackElo "2437"]
[TimeControl "180+1"]
[EndTime "14:28:31 PST"]
[Termination "Siniauski won by resignation"]

1. e4 c5 2. Nf3 d6 3. d4 cxd4 4. Qxd4 Bd7 5. Be2 Nc6 6. Qe3 g6 7. O-O Bg7 8. Rd1 Bg4 9. Nbd2 Nf6 10. h3 Bd7 11. Rb1 O-O 12. a3 a5 13. Nb3 a4 14.
Nbd4 Qa5 15. Bd2 Qb6 16. Nxc6 Qxc6 17. Bd3 e5 18. Bb4 Rfe8 19. Nd2 d5 20. exd5 Nxd5 21.
Qc5 Nxb4 22. Qxb4 Bf8 23. Qh4 f5 24. Bc4+ Kg7 25. Nf1 e4 26. Ne3 Be7 27. Qf4 Rad8 28. Bd5 Qb5 29. c4 Qb6 30. Rd2 Bd6 31. Qh4 Be5 32.
Rbd1 Bf6 33. Qg3 Bc8 34. h4 Qd6 35. Qxd6 Rxd6 36. c5 Rdd8 37. g3 Be5 38. Nc4 Bc7 39. Nb6 Kf6 40. Nxa4 Bd7 41. Nc3 b6 42. cxb6 Bxb6 43.
Ba2 Ke7 44. Nd5+ 1-0

[Event "Late-Titled-Tuesday-Blitz-January-30-2024"]
[Site "Chess.com"]
[Date "2024.01.30"]
[Round "3"]
[White "PoXerStar"]
[Black "HajiyevKanan"]
[Result "1-0"]
[WhiteElo "2438"]
[BlackElo "2577"]
[TimeControl "180+1"]
[EndTime "14:28:32 PST"]
[Termination "PoXerStar won on time"]

1. d4 d5 2. c4 c6 3. cxd5 cxd5 4.
Nc3 Nf6 5. Bf4 a6 6. e3 Nc6 7. Bd3 Bg4 8. f3 Bh5 9. Nge2 e6 10. O-O Bd6 11. Rc1 O-O 12. Na4 Bg6 13. Nc5 Bxc5 14. Rxc5 Bxd3 15. Qxd3 Qb6 16. Qc2 h6 17. Rc1 Nd7 18.
Rc3 Nb4 19. Qb3 Nc6 20. Qc2 Rac8 21. Bd6 Rfd8 22. Kf2 Na7 23. Bc7 Qb5 24. Bxd8 Rxd8 25. Nf4 Nf6 26. Nd3 Qd7 27. Rc7 Qd6 28. Ne5 Rf8 29. Rxb7 Nc8 30. Qc5 Qd8 31. Nxf7 Qe8 32. Kg1 Ne7 33. Rxe7 Qa4 34. Ne5 Qxa2 35. Qc7 Nh5 36.
Qc2 Qa5 37. g4 Nf6 38. Qg6 1-0

[Event "Late-Titled-Tuesday-Blitz-January-30-2024"]
[Site "Chess.com"]
[Date "2024.01.30"]
[Round "3"]
[White "ARTHURMOTIVATOR"]
[Black "Atousa"]
[Result "1-0"]
[WhiteElo "2273"]
[BlackElo "2406"]
[TimeControl "180+1"]
[EndTime "14:28:32 PST"]
[Termination "ARTHURMOTIVATOR won by resignation"]

1. e4 c5 2. Nf3 d6 3. d4 cxd4 4. Nxd4 Nf6 5. Nc3 g6 6. Be2 Bg7 7. O-O O-O 8. Re1 Nc6 9. Nb3 Be6 10. Bf1 a6 11. Bg5 h6 12. Bh4 Rc8 13. Nd5 g5 14. Bg3 Nd7 15. c3 b5 16. Kh1 Nb6 17. f4 Nc4 18.
Bxc4 bxc4 19. Nd2 gxf4 20. Nxf4 Ne5 21. Qh5 Bg4 22. Qh4 Kh7 23. Nh5 Bh8 24. Bxe5 Bxh5 25.
Bxh8 Rxh8 26. Qxh5 Qf8 27. Rf1 f6 28. Nf3 Rg8 29. Nd4 Rg5 30. Qh3 Qg8 31. Rf2 Rb8 32. Raf1 Qg6 33. Nf5 Rh5 34. Qf3 Qf7 35. Nxe7 Re5 36.
Nd5 Rbe8 37. Nxf6+ Kh8 38. Nxe8 Qxe8 39. Qf6+ Kh7 40.
Qxd6 1-0

[Event "Late-Titled-Tuesday-Blitz-January-30-2024"]
[Site "Chess.com"]
[Date "2024.01.30"]
[Round "3"]
[White "Zhigalko_Sergei"]
[Black "GaiozNigalidze"]
[Result "1-0"]
[WhiteElo "2931"]
[BlackElo "2705"]
[TimeControl "180+1"]
[EndTime "14:28:33 PST"]
[Termination "Zhigalko_Sergei won on time"]

1. e4 d6 2. d4 g6 3. Nc3 Bg7 4. Nf3 Nd7 5. Be3 a6 6. Bd3 e6 7.
O-O Ne7 8. Re1 b6 9. Qd2 h6 10.
h3 Bb7 11. Rad1 b5 12. Ne2 Nb6 13. b3 Qd7 14. Ng3 e5 15. dxe5 dxe5 16. Bc5 Qc6 17.
Qb4 Nec8 18. Bf1 Nd7 19. Be3 Ncb6 20. c4 bxc4 21. bxc4 Bf8 22. Qb2 Bg7 23. c5 Na4 24. Qa3 Bf8 25. Rc1 Naxc5 26. Nxe5 Nxe5 27. Bxc5 Bxc5 28. Rxc5 Qd6 29. Qc3 f6 30. f4 Nd7 31. Rxc7 Rb8 32. e5 fxe5 33. fxe5 1-0

[Event "Late-Titled-Tuesday-Blitz-January-30-2024"]
[Site "Chess.com"]
[Date "2024.01.30"]
[Round "3"]
[White "h4parah5"]
[Black "CarlosjPineror"]
[Result "1-0"]
[WhiteElo "2906"]
[BlackElo "2681"]
[TimeControl "180+1"]
[EndTime "14:28:34 PST"]
[Termination "h4parah5 won by checkmate"]

1. Nf3 Nf6 2. b3 c5 3. Bb2 e6 4.
g3 Be7 5. Bg2 O-O 6. c4 Nc6 7.
O-O a6 8. d4 cxd4 9. Nxd4 Qc7 10. Nc3 d6 11. Rc1 Ne5 12. h3 Bd7 13. f4 Ng6 14. e3 Rac8 15. Kh2 Qb8 16. Qe2 Rfe8 17. g4 h6 18. Nf3 d5 19. cxd5 exd5 20. Qd2 Bc6 21.
Nd4 Bd6 22. Kg1 Nh4 23. Bh1 Ne4 24. Qe1 Ng6 25. Bxe4 dxe4 26. Nce2 Bd7 27. Qf2 Nf8 28. Ng3 g6 29. Qg2 Ne6 30. Nxe4 Be7 31. Nf5 Rxc1 32. Nxe7+ Rxe7 33. Rxc1 Bc6 34. Nf6+ Kf8 35. Qd2 Qc7 36. Ba3 Kg7 37. Qc3 Kf8 38. Nd5 Bxd5 39. Qh8# 1-0

[Event "Late-Titled-Tuesday-Blitz-January-30-2024"]
[Site "Chess.com"]
[Date "2024.01.30"]
[Round "3"]
[White "temus_galaktionov"]
[Black "aghasiyevkamal"]
[Result "1-0"]
[WhiteElo "2876"]
[BlackElo "2642"]
[TimeControl "180+1"]
[EndTime "14:28:36 PST"]
[Termination "temus_galaktionov won on time"]

1. d4 d5 2. Nf3 Nf6 3. c4 e6 4. Nc3 Be7 5. Bf4 O-O 6. e3 b6 7.
Bd3 dxc4 8. Bxc4 Ba6 9. Bxa6 Nxa6 10. O-O c5 11. Qe2 Qc8 12. Rac1 Qb7 13. Nb5 Rfd8 14. Rfd1 Rac8 15. h3 cxd4 16. Nfxd4 Nc5 17. Qf3 Nce4 18. Bc7 Re8 19. Be5 a6 20. Nc3 Nc5 21. Qxb7 Nxb7 22. Na4 Nd7 23. Bc7 b5 24. Nb6 Nxb6 25. Bxb6 Bf6 26.
b3 h5 27. Nc6 Kh7 28. Kf1 Kg6 29. Rd7 Bb2 30. Rc2 Bf6 31. Rxb7 e5 32. Rd7 Kf5 33. Ke2 Ke6 34. Rc7 Rxc7 35. Bxc7 Rc8 36. Ba5 Kd7 37.
Nb4 Re8 38. Nxa6 1-0

[Event "Late-Titled-Tuesday-Blitz-January-30-2024"]
[Site "Chess.com"]
[Date "2024.01.30"]
[Round "3"]
[White "Arlo2024"]
[Black "ValeriyGrinev"]
[Result "0-1"]
[WhiteElo "2272"]
[BlackElo "2552"]
[TimeControl "180+1"]
[EndTime "14:28:36 PST"]
[Termination "ValeriyGrinev won on time"]

1. e4 c5 2. Nc3 Nc6 3. g3 g6 4. Bg2 Bg7 5. d3 a6 6. Be3 d6 7. Qd2 h5 8. h3 Bd7 9. f4 b5 10. a3 Rb8 11. Nf3 a5 12. O-O b4 13. axb4 axb4 14.
Nd1 Qc8 15. Kh2 Nh6 16. Nh4 Nd4 17. Ra7 Nb5 18. Ra1 Kf8 19. f5 gxf5 20. c3 bxc3 21. bxc3 Kg8 22. Rb1 fxe4 23. dxe4 Be6 24. Nf5 Nxf5 25.
exf5 Bxf5 26. c4 Bxb1 27. cxb5 Bg6 28. Bc6 h4 29. g4 Be5+ 30. Kg1 Rb6 31. Qg2 Kg7 32.
Nf2 Qe6 33. Bg5 Bd4 34. Bd5 Qe5 35. Kh1 Qxg5 36. Ne4 Qxd5 37. Rxf7+ Bxf7 38. Ng5 Qxg2+ 0-1

[Event "Late-Titled-Tuesday-Blitz-January-30-2024"]
[Site "Chess.com"]
[Date "2024.01.30"]
[Round "3"]
[White "katharinareinecke"]
[Black "rikchessmx"]
[Result "0-1"]
[WhiteElo "1973"]
[BlackElo "2328"]
[TimeControl "180+1"]
[EndTime "14:28:36 PST"]
[Termination "rikchessmx won on time"]

1. d4 Nf6 2. c4 e6 3. Nf3 c5 4.
d5 b5 5. dxe6 fxe6 6. cxb5 Bb7 7. g3 d5 8. Bg2 Bd6 9. O-O O-O 10. a4 Nbd7 11. b3 Qe7 12. Bb2 a6 13. bxa6 Bxa6 14.
Re1 Rab8 15. Nc3 c4 16. Nd2 cxb3 17. Nxb3 Bc4 18. Nb5 Bxb5 19. axb5 Rxb5 20. Bxf6 Nxf6 21. Nd4 Rb6 22. e4 Bb4 23. e5 Bxe1 24. exf6 Bxf2+ 25. Kxf2 Qxf6+ 26. Kg1 Qf2+ 27. Kh1 Rb2 28. Qg1 Qf6 29. Rf1 Qe5 30. Rxf8+ Kxf8 31. Qf1+ Kg8 32. Nf3 Qf6 33.
Nh4 Qe5 34. Qc1 h6 35. Qc8+ Kh7 36. Qc1 Ra2 37. Qb1+ g6 38. Qxg6+ Kh8 39. Qxh6+ Kg8 40. Qg6+ Kf8 41. Qh6+ Ke8 42. Qg6+ Ke7 43. Qh7+ Kd6 0-1

[Event "Late-Titled-Tuesday-Blitz-January-30-2024"]
[Site "Chess.com"]
[Date "2024.01.30"]
[Round "3"]
[White "ChessBrainiacOnTwitch"]
[Black "Vasily85"]
[Result "0-1"]
[WhiteElo "2786"]
[BlackElo "2489"]
[TimeControl "180+1"]
[EndTime "14:28:38 PST"]
[Termination "Vasily85 won on time"]

1. Nf3 c5 2. g3 g6 3. Bg2 Bg7 4. O-O Nc6 5. d3 d5 6. Nbd2 Nf6 7. e4 O-O 8. Re1 e5 9. a4 h6 10. c3 Be6 11. exd5 Nxd5 12. Nc4 Qc7 13. a5 Rad8 14. Qc2 Rfe8 15. Bd2 f5 16. h4 f4 17. Kh2 Bf5 18. Bh3 Bxh3 19. Kxh3 Qd7+ 20. Kg2 Qf5 21. Qb3 Re7 22.
Rad1 Kh7 23. Nh2 fxg3 24. fxg3 Rf8 25. Rf1 Qxd3 26. Rxf8 Bxf8 27. Rf1 Bg7 28. Bc1 e4 29. Re1 e3 30. Nf3 e2 31. Nd6 Ne3+ 32. Bxe3 Rxe3 33. Nh2 Qxd6 34. Ng4 Qxg3+ 0-1

[Event "Late-Titled-Tuesday-Blitz-January-30-2024"]
[Site "Chess.com"]
[Date "2024.01.30"]
[Round "3"]
[White "MaxLeto"]
[Black "PetrolulSah"]
[Result "1-0"]
[WhiteElo "2409"]
[BlackElo "2203"]
[TimeControl "180+1"]
[EndTime "14:28:39 PST"]
[Termination "MaxLeto won on time"]

1. g4 d5 2. Bg2 c6 3. h3 Nf6 4.
d4 g6 5. c4 Bg7 6. Nc3 O-O 7. Nf3 Ne4 8. Qd3 Nxc3 9. Qxc3 dxc4 10. Qxc4 Nd7 11. Bg5 Nb6 12. Qc5 Re8 13. O-O-O Qd5 14.
Qxd5 cxd5 15. Kb1 Bd7 16. Rc1 Rac8 17. Rxc8 Nxc8 18. Rc1 Kf8 19. e3 Nd6 20. Ne5 Bxe5 21. dxe5 Nc4 22. Bxd5 Nxe5 23. Bh6+ Kg8 24. Bxb7 Rb8 25.
Rc7 Rd8 26. Bd5 e6 27. Bb3 a5 28. Bg5 Rc8 29. Ra7 Bb5 30. a4 Bd3+ 31. Ka2 Rc1 32. Bf6 Bb1+ 33. Ka3 Nd7 34. Ra8+ Nf8 35. Be7 Be4 36.
Rxf8+ Kg7 37. Rd8 Ra1+ 38. Ba2 Bb1 39. g5 1-0

[Event "Late-Titled-Tuesday-Blitz-January-30-2024"]
[Site "Chess.com"]
[Date "2024.01.30"]
[Round "3"]
[White "PNEPaul"]
[Black "rdarruda"]
[Result "0-1"]
[WhiteElo "1850"]
[BlackElo "2543"]
[TimeControl "180+1"]
[EndTime "14:28:42 PST"]
[Termination "rdarruda won by resignation"]

1. e4 c5 2. Nf3 Nc6 3. d4 cxd4 4.
c3 dxc3 5. Nxc3 e6 6. Bf4 Bb4 7. Bd3 Nge7 8. e5 d5 9. a3 Ba5 10. b4 Bc7 11. Qe2 Ng6 12. Bg3 Bb6 13. Rd1 a6 14. h4 Bd7 15. h5 Nge7 16. b5 Nd4 17. Qb2 Nxf3+ 18. gxf3 O-O 19. Qb1 h6 20. Rh4 Ba5 21. Rc1 Rc8 22. Qb3 Qc7 23. Kd2 Bxc3+ 24. Rxc3 Qxc3+ 25. Qxc3 Rxc3 26. Kxc3 axb5 27. Rb4 Ra8 28.
Kb2 Ra5 29. Bf4 Ra4 30. Kb3 Rxb4+ 31. Kxb4 Nc6+ 32. Kb3 Nd4+ 33. Kb4 Nxf3 34. Bxb5 Bxb5 35. Kxb5 Nd4+ 36. Kb6 Ne2 37. Bd2 d4 38. Kxb7 Nc3 39.
f4 Kf8 40. Kc6 Ke7 41. Kc5 Kd7 42. Kxd4 Nb5+ 43. Ke4 Nxa3 44. f5 exf5+ 45. Kxf5 Nc4 46. Bf4 Nb6 47. Be3 Nd5 48. Bc5 Ne7+ 49. Ke4 Ke6 50. Bd6 Nf5 51. Bb8 Ng3+ 52. Kf4 Nxh5+ 53. Kg4 g6 54.
Bd6 Ng7 55. Bf8 Nf5 0-1

[Event "Late-Titled-Tuesday-Blitz-January-30-2024"]
[Site "Chess.com"]
[Date "2024.01.30"]
[Round "3"]
[White "Chessdreamer2020"]
[Black "ContrVersia"]
[Result "1-0"]
[WhiteElo "2577"]
[BlackElo "2839"]
[TimeControl "180+1"]
[EndTime "14:28:43 PST"]
[Termination "Chessdreamer2020 won by resignation"]

1. e4 c5 2. Nf3 Nc6 3. Bb5 g6 4. O-O Bg7 5. c3 Nf6 6. Qa4 O-O 7. d4 cxd4 8. cxd4 a6 9. Nc3 Rb8 10. Bxc6 bxc6 11. h3 a5 12. Qc2 Ba6 13. Re1 Qb6 14. b3 d6 15. Bg5 h6 16. Bh4 g5 17. Bg3 Nh5 18. Bh2 Bxd4 19. Nxd4 Qxd4 20. Rad1 Qc5 21. e5 Rbd8 22. exd6 exd6 23. Qb2 d5 24. Na4 Qa7 25. g4 Ng7 26. Qf6 Kh7 27. Re7 Rd7 28. Rde1 Bd3 29. Rxd7 Qxd7 30. Re7 Ne8 31. Qe5 Qd8 32.
Nc5 Bg6 33. Nd7 Kg8 34. Nxf8 Kxf8 35. Rb7 f6 36. Qd4 Qc8 37. Qc5+ Kg8 38. Qe7 d4 39. Bd6 1-0